ESL (28 & UNDER)
INTERCOURSE AMISH @ BUTLER WHITE SOX
04/24/2028
 
TOP OF THE 1ST
Intercourse Amish batting - Pitching for Butler White Sox : LHP Phil Forbes
Pitching: LHP Phil Forbes
Batting: LHB Jesús Raugel 0-0: Ball
1-0: Ball
2-0: Called Strike
2-1: Foul Ball, location: 2F
2-2: Ball
3-2: Base on Balls
Batting: RHB Ramón Padilla 0-0: Ball
Jesús Raugel steals 2nd base
1-0: Ground out 6-3 (Groundball, 6)
Jesús Raugel to third
Batting: RHB José Velázquez 0-0: Called Strike
0-1: Ball
1-1: Foul Ball, location: 2F
1-2: Foul Ball, location: 2F
1-2: Ball
2-2: Ball
3-2: Ground out 1-3 (Groundball, P)
Batting: RHB Juan Estrada 0-0: Ball
1-0: Ball
2-0: Ball
3-0: Called Strike
3-1: Base on Balls
Batting: RHB Bob Carr 0-0: Called Strike
0-1: Foul Ball, location: 2F
0-2: Ball
1-2: Ball
2-2: Ball
3-2: Fly out, F8 (Flyball, 8RM)
Top of the 1st over - 0 run(s), 0 hit(s), 0 error(s), 2 left on base; Intercourse 0 - Butler 0
BOTTOM OF THE 1ST
Butler White Sox batting - Pitching for Intercourse Amish : RHP Rafael Sánchez
Pitching: RHP Rafael Sánchez
Batting: RHB Jerry Moore 0-0: Ball
1-0: Ball
2-0: Called Strike
2-1: Foul Ball, location: 2F
2-2: Ball
3-2: Foul Ball, location: 2F
3-2: Foul Ball, location: 2F
3-2: Ground out 6-3 (Groundball, 6)
Batting: LHB Denny Allen 0-0: Called Strike
0-1: DOUBLE (Line Drive, 7LM)
Batting: RHB Bobby Murdock 0-0: Ball
1-0: Called Strike
1-1: Ball
2-1: SINGLE (Groundball, 56D)
Denny Allen to third
Batting: LHB Thomas Dixon 0-0: Fly out, F8 (Flyball, 8RM)
Runner from 3rd tags up, SCORES, no throw
Batting: SHB Ben Marks 0-0: Ball
1-0: Called Strike
1-1: Foul Ball, location: 2F
1-2: Ball
2-2: Ground out 4-3 (Groundball, 34)
Bottom of the 1st over - 1 run(s), 2 hit(s), 0 error(s), 1 left on base; Intercourse 0 - Butler 1
TOP OF THE 2ND
Intercourse Amish batting - Pitching for Butler White Sox : LHP Phil Forbes
Batting: RHB Pablo Díaz 0-0: Swinging Strike
0-1: Hit by Pitch
Batting: RHB Leon Heath 0-0: Called Strike
0-1: Foul Ball, location: 2F
0-2: Ground out 5-3 (Groundball, 56S)
Pablo Díaz to second
Batting: LHB Bruce Foster 0-0: Ball
1-0: Called Strike
1-1: Ball
2-1: Called Strike
2-2: Ball
3-2: SINGLE (Groundball, 6MD)
Pablo Díaz to third
Batting: RHB Taylor Justice 0-0: Ball
1-0: Fly out, F9 (Flyball, 9S)
Batting: LHB Jesús Raugel 0-0: Ball
Bruce Foster steals 2nd base
1-0: Called Strike
1-1: Reached on error, E3 (Groundball, 34)
Pablo Díaz scores
Bruce Foster to third
Batting: RHB Ramón Padilla 0-0: Ball
1-0: Ball
2-0: Fly out, F6 (Line Drive, 6)
Top of the 2nd over - 1 run(s), 1 hit(s), 1 error(s), 2 left on base; Intercourse 1 - Butler 1
BOTTOM OF THE 2ND
Butler White Sox batting - Pitching for Intercourse Amish : RHP Rafael Sánchez
Batting: RHB Tom Lang 0-0: Ground out 5-3 (Groundball, 56)
Batting: RHB Luis Fuentes 0-0: Ball
1-0: Swinging Strike
1-1: Foul Ball, location: 2F
1-2: Foul Ball, location: 2F
1-2: Strikes out swinging
Batting: LHB Sean Perkins 0-0: Called Strike
0-1: Foul Ball, location: 2F
0-2: Single, Error in OF, E9, batter to second base
Batting: LHB Jim Knight 0-0: Ball
1-0: Ball
2-0: Fly out, F4 (Popup, 4M)
Bottom of the 2nd over - 0 run(s), 1 hit(s), 1 error(s), 1 left on base; Intercourse 1 - Butler 1
TOP OF THE 3RD
Intercourse Amish batting - Pitching for Butler White Sox : LHP Phil Forbes
Batting: RHB José Velázquez 0-0: Ground out 4-3 (Groundball, 4)
Batting: RHB Juan Estrada 0-0: Fly out, F8 (Line Drive, 78M)
Batting: RHB Bob Carr 0-0: Fly out, F9 (Flyball, 9S)
Top of the 3rd over - 0 run(s), 0 hit(s), 0 error(s), 0 left on base; Intercourse 1 - Butler 1
BOTTOM OF THE 3RD
Butler White Sox batting - Pitching for Intercourse Amish : RHP Rafael Sánchez
Batting: RHB Jerry Moore 0-0: Foul Ball, location: 2F
0-1: Foul Ball, location: 2F
0-2: Ball
1-2: Ball
2-2: Ball
3-2: Fly out, F2 (Popup, 3S)
Batting: LHB Denny Allen 0-0: Ball
1-0: Foul Ball, location: 2F
1-1: Fly out, F8 (Flyball, 89M)
Batting: RHB Bobby Murdock 0-0: Ball
1-0: Foul Ball, location: 2F
1-1: Foul Ball, location: 2F
1-2: Strikes out looking
Bottom of the 3rd over - 0 run(s), 0 hit(s), 0 error(s), 0 left on base; Intercourse 1 - Butler 1
TOP OF THE 4TH
Intercourse Amish batting - Pitching for Butler White Sox : LHP Phil Forbes
Batting: RHB Pablo Díaz 0-0: Called Strike
0-1: SINGLE (Flyball, 78S)
Batting: RHB Leon Heath 0-0: Ball
1-0: Grounds into double play, 4-6-3 (Groundball, 4)
Batting: LHB Bruce Foster 0-0: Ball
1-0: Called Strike
1-1: SINGLE (Flyball, 7S)
Batting: RHB Taylor Justice Pickoff Throw to First - Error! E1
Bruce Foster to second
0-0: Ball
1-0: Called Strike
1-1: Ball
2-1: Foul Ball, location: 2F
2-2: Ball
3-2: Base on Balls
Batting: LHB Jesús Raugel 0-0: Swinging Strike
0-1: Called Strike
0-2: Ball
1-2: Ball
2-2: Foul Ball, location: 2F
2-2: Fly out, F8 (Flyball, 8LD)
Top of the 4th over - 0 run(s), 2 hit(s), 1 error(s), 2 left on base; Intercourse 1 - Butler 1
BOTTOM OF THE 4TH
Butler White Sox batting - Pitching for Intercourse Amish : RHP Rafael Sánchez
Batting: LHB Thomas Dixon 0-0: Swinging Strike
0-1: Called Strike
0-2: Strikes out swinging
Batting: SHB Ben Marks 0-0: DOUBLE (Line Drive, 9LM)
Batting: RHB Tom Lang 0-0: Called Strike
0-1: Foul Ball, location: 2F
0-2: Foul Ball, location: 2F
0-2: Ball
1-2: Fly out, F2 (Popup, 5S)
Batting: RHB Luis Fuentes 0-0: Fly out, F8 (Flyball, 8RM)
Bottom of the 4th over - 0 run(s), 1 hit(s), 0 error(s), 1 left on base; Intercourse 1 - Butler 1
TOP OF THE 5TH
Intercourse Amish batting - Pitching for Butler White Sox : LHP Phil Forbes
Batting: RHB Ramón Padilla 0-0: Ball
1-0: Called Strike
1-1: Fly out, F8 (Flyball, 8LS)
Batting: RHB José Velázquez 0-0: Foul Ball, location: 2F
0-1: Foul Ball, location: 2F
0-2: Strikes out swinging
Batting: RHB Juan Estrada 0-0: Ball
1-0: Swinging Strike
1-1: Ball
2-1: Foul Ball, location: 2F
2-2: Strikes out swinging
Top of the 5th over - 0 run(s), 0 hit(s), 0 error(s), 0 left on base; Intercourse 1 - Butler 1
BOTTOM OF THE 5TH
Butler White Sox batting - Pitching for Intercourse Amish : RHP Rafael Sánchez
Batting: LHB Sean Perkins 0-0: Ground out 3-1 (Groundball, 34S)
Batting: LHB Jim Knight 0-0: Ground out U3 (Groundball, 3L)
Batting: RHB Jerry Moore 0-0: Ball
1-0: Foul Ball, location: 2F
1-1: Swinging Strike
1-2: Strikes out looking
Bottom of the 5th over - 0 run(s), 0 hit(s), 0 error(s), 0 left on base; Intercourse 1 - Butler 1
TOP OF THE 6TH
Intercourse Amish batting - Pitching for Butler White Sox : LHP Phil Forbes
Batting: RHB Bob Carr 0-0: Ball
1-0: Ball
2-0: Ball
3-0: Base on Balls
Pitching: RHP Juan Silva
Batting: RHB Pablo Díaz 0-0: Grounds into double play, 6-4-3 (Groundball, 6)
Batting: RHB Leon Heath 0-0: Ball
1-0: Fly out, F3 (Popup, 3L)
Top of the 6th over - 0 run(s), 0 hit(s), 0 error(s), 0 left on base; Intercourse 1 - Butler 1
BOTTOM OF THE 6TH
Butler White Sox batting - Pitching for Intercourse Amish : RHP Rafael Sánchez
Batting: LHB Denny Allen 0-0: Ball
1-0: Ball
2-0: Fly out, F9 (Line Drive, 9S)
Batting: RHB Bobby Murdock 0-0: Swinging Strike
0-1: Foul Ball, location: 2F
0-2: Ball
1-2: Foul Ball, location: 2F
1-2: Ground out 6-3 (Groundball, 6)
Batting: LHB Thomas Dixon 0-0: SINGLE (Groundball, 4D)
Batting: SHB Ben Marks 0-0: Fielders Choice at 2nd, 6-4 (Groundball, 6)
Bottom of the 6th over - 0 run(s), 1 hit(s), 0 error(s), 0 left on base; Intercourse 1 - Butler 1
TOP OF THE 7TH
Intercourse Amish batting - Pitching for Butler White Sox : RHP Steve Newman
Pitching: RHP Steve Newman
Batting: LHB Bruce Foster 0-0: Ball
1-0: Ball
2-0: Called Strike
2-1: Swinging Strike
2-2: Ball
3-2: Ground out 5-3 (Groundball, 56S)
Batting: RHB Taylor Justice 0-0: Ball
1-0: SINGLE (Groundball, 6D)
Pitching: LHP Luis Torres
Pinch Hitting: RHB Esteban Salas 0-0: Ball
1-0: Foul Ball, location: 2F
1-1: Ball
2-1: Grounds into double play, 6-4-3 (Groundball, 56)
Top of the 7th over - 0 run(s), 1 hit(s), 0 error(s), 0 left on base; Intercourse 1 - Butler 1
BOTTOM OF THE 7TH
Butler White Sox batting - Pitching for Intercourse Amish : RHP Rafael Sánchez
Now in LF: Greg Carpenter
Batting: RHB Tom Lang 0-0: Fly out, F8 (Flyball, 89S)
Batting: RHB Luis Fuentes 0-0: Called Strike
0-1: Called Strike
0-2: Ball
1-2: Foul Ball, location: 2F
1-2: Ground out 4-3 (Groundball, 4)
Batting: LHB Sean Perkins 0-0: SINGLE (Groundball, 4MD)
Batting: LHB Jim Knight 0-0: Swinging Strike
0-1: Foul Ball, location: 2F
0-2: Fly out, F9 (Flyball, 89D)
Bottom of the 7th over - 0 run(s), 1 hit(s), 0 error(s), 1 left on base; Intercourse 1 - Butler 1
TOP OF THE 8TH
Intercourse Amish batting - Pitching for Butler White Sox : LHP Luis Torres
Pitching: RHP Eric Wilson
Batting: RHB Ramón Padilla 0-0: Ball
1-0: Ball
2-0: SINGLE (Groundball, 56D)
Batting: RHB José Velázquez 0-0: Foul Ball, location: 2F
0-1: Fly out, F7 (Line Drive, 78D)
Batting: RHB Juan Estrada 0-0: Swinging Strike
0-1: Called Strike
0-2: Ball
1-2: Ball
2-2: Foul Ball, location: 2F
2-2: Ball
3-2: Strikes out swinging
Batting: RHB Bob Carr 0-0: Called Strike
0-1: Ball
1-1: Swinging Strike
1-2: Fielders Choice at 2nd, 6-4 (Groundball, 6)
Top of the 8th over - 0 run(s), 1 hit(s), 0 error(s), 0 left on base; Intercourse 1 - Butler 1
BOTTOM OF THE 8TH
Butler White Sox batting - Pitching for Intercourse Amish : RHP Rafael Sánchez
Pinch Hitting: LHB Josh Pérez 0-0: Called Strike
0-1: Fly out, F4 (Popup, 4M)
Batting: LHB Denny Allen 0-0: Fly out, F6 (Line Drive, 6)
Batting: RHB Bobby Murdock 0-0: Called Strike
0-1: Swinging Strike
0-2: Fly out, F7 (Flyball, 7D)
Bottom of the 8th over - 0 run(s), 0 hit(s), 0 error(s), 0 left on base; Intercourse 1 - Butler 1
TOP OF THE 9TH
Intercourse Amish batting - Pitching for Butler White Sox : RHP Eric Wilson
Pitching: RHP Archie Summers
Now at 3B: Júlio Hernández
Pinch Hitting: RHB Frank Maxwell 0-0: Swinging Strike
0-1: Ball
1-1: SINGLE (Groundball, 4MD)
Batting: RHB Leon Heath 0-0: Foul Ball, location: 2F
0-1: Called Strike
0-2: Fly out, F7 (Flyball, 7)
Batting: LHB Bruce Foster 0-0: Called Strike
0-1: Ball
1-1: Foul Ball, location: 2F
1-2: Ball
2-2: Fly out, F7 (Flyball, 7)
Batting: RHB Taylor Justice 0-0: Ball
1-0: Ball
2-0: Reached on error, E6 (Groundball, 6)
Frank Maxwell to second
Pinch Hitting: RHB Manny Ramírez 0-0: Called Strike
0-1: Called Strike
0-2: Foul Ball, location: 2F
0-2: Ball
1-2: Foul Ball, location: 2F
1-2: Ball
2-2: Foul Ball, location: 2F
2-2: Ball
3-2: Strikes out looking
Top of the 9th over - 0 run(s), 1 hit(s), 1 error(s), 2 left on base; Intercourse 1 - Butler 1
BOTTOM OF THE 9TH
Butler White Sox batting - Pitching for Intercourse Amish : RHP Rafael Sánchez
Now at 1B: Frank Maxwell
Now in CF: Manny Ramírez
Batting: LHB Thomas Dixon 0-0: Swinging Strike
0-1: Called Strike
0-2: Fly out, F8 (Flyball, 8LM)
Batting: SHB Ben Marks 0-0: Ground out 1-3 (Groundball, 13)
Batting: RHB Tom Lang 0-0: Called Strike
0-1: Foul Ball, location: 2F
0-2: Foul Ball, location: 2F
0-2: Ball
1-2: Ball
2-2: Fly out, F3 (Line Drive, 3)
Bottom of the 9th over - 0 run(s), 0 hit(s), 0 error(s), 0 left on base; Intercourse 1 - Butler 1
TOP OF THE 10TH
Intercourse Amish batting - Pitching for Butler White Sox : RHP Archie Summers
Batting: RHB Ramón Padilla 0-0: Called Strike
0-1: Ball
1-1: Foul Ball, location: 2F
1-2: Fly out, F7 (Line Drive, 78D)
Batting: RHB José Velázquez 0-0: Called Strike
0-1: Ball
1-1: Swinging Strike
1-2: Foul Ball, location: 2F
1-2: Strikes out swinging
Batting: RHB Juan Estrada 0-0: Ball
1-0: Foul Ball, location: 2F
1-1: Swinging Strike
1-2: Strikes out looking
Top of the 10th over - 0 run(s), 0 hit(s), 0 error(s), 0 left on base; Intercourse 1 - Butler 1
BOTTOM OF THE 10TH
Butler White Sox batting - Pitching for Intercourse Amish : RHP Rafael Sánchez
Pitching: RHP Sixto Santiago
Batting: RHB Luis Fuentes 0-0: TRIPLE (Flyball, 7LM)
Batting: LHB Sean Perkins 0-0: Foul Ball, location: 2F
0-1: SINGLE (Line Drive, 6D)
Luis Fuentes scores
Tuesday, August 8th, 2017 - OOTP Baseball 17.12 Build 75